[Event "Titled Tuesday Blitz March 28 Late 2023"]
[White "Talibov, Shiroghlan"]
[Black "Paravyan, David"]
[WhiteFideId "13429078"]
[BlackFideId "4194985"]
[WhiteElo "2218"]
[BlackElo "2577"]
[Result "0-1"]
[Round "06"]
[TimeControl "180+2"]
[Date "2023.03.28"]
[WhiteClock "0:00:01"]
[BlackClock "0:00:11"]

1. e4 e5 2. Nf3 Nf6 3. Nxe5 d6 4. Nf3 Nxe4 5. d4 d5 6. Bd3 Bd6 7. O-O O-O 8. c4 c6 9. Nc3 Nxc3 10. bxc3 dxc4 11. Bxc4 Bf5 12. Bg5 Qa5 13. Qd2 Nd7 14. Rfe1 Rae8 15. h3 Nb6 16. Bb3 Nd5 17. Rxe8 Rxe8 18. c4 Bb4 19. Qc1 Nc3 20. Kh1 Ne4 21. Be3 Bc3 22. Rb1 Nd2 23. Nxd2 Rxe3 24. fxe3 Bxd2 25. Qf1 Bxb1 26. Qxb1 Bxe3 27. d5 Qd2 28. Qf1 g6 29. Qd1 Qf2 30. d6 Bb6 31. d7 Bd8 32. Qd6 Kg7 33. c5 Qf6 34. Qd3 Qa1+ 35. Kh2 Bc7+ 36. g3 Qb2+ 37. Kg1 Qc1+ 38. Kg2 Qb2+ 39. Kh1 Qf6 40. Qe3 Bd8 41. Qd3 h5 42. Kg2 Qe5 43. h4 Qxc5 44. Qf3 Qe7 45. Qd3 Qf6 46. Qd2 b5 47. Qd3 a5 48. Qf3 Qxf3+ 49. Kxf3 a4 50. Bc2 f5 51. Bd1 Kf6 52. Kf2 Ke6 53. Bf3 Kxd7 54. Be2 Kd6 55. Kf3 Ke5 56. Bd3 Be7 57. Be2 Bc5 58. Bf1 Bb4 59. Be2 Bc3 60. Bf1 Bd2 61. Be2 Bc1 62. Bf1 Kd4 63. Bg2 b4 64. Kf2 c5 65. Bc6 b3 66. axb3 axb3 0-1


[Site "https://www.chess.com"]

[Event "Titled Tuesday Blitz March 28 Late 2023"]
[White "Rasulov, Vugar"]
[Black "Vachier-Lagrave, Maxime"]
[WhiteFideId "13402390"]
[BlackFideId "623539"]
[WhiteElo "2509"]
[BlackElo "2740"]
[Result "1-0"]
[Round "06"]
[TimeControl "180+2"]
[Date "2023.03.28"]
[WhiteClock "0:00:06"]
[BlackClock "0:00:09"]

1. e4 e5 2. Nf3 Nc6 3. Nc3 Bb4 4. Nd5 Ba5 5. c3 Nf6 6. b4 Bb6 7. Nxf6+ Qxf6 8. Bc4 d6 9. O-O Bg4 10. h3 h5 11. a4 a5 12. b5 Ne7 13. d4 Bxf3 14. Qxf3 Qxf3 15. gxf3 exd4 16. cxd4 Bxd4 17. Ra2 Bc5 18. Rc2 f6 19. f4 O-O-O 20. Kg2 b6 21. Be6+ Kb8 22. Rd1 g6 23. Bb2 Rhf8 24. Kf3 f5 25. e5 dxe5 26. Rxd8+ Rxd8 27. Bxe5 Kb7 28. Kg2 Rd3 29. Bc4 Rd1 30. Bf7 h4 31. Bf6 Nd5 32. Bg5 Rd4 33. Re2 Nc3 34. Re8 Nxa4 35. Bxg6 Nc3 36. Bxf5 Nxb5 37. Be4+ c6 38. Bf6 Rd2 39. Bxh4 a4 40. Re6 Nd4 41. Rg6 a3 42. Rg7+ Ka6 43. Rg8 a2 44. Bf6 Kb5 45. Ra8 Ne6 46. f5 Nc7 47. Ra7 Nd5 48. Be5 Rxf2+ 49. Kg3 Rd2 50. f6 Nxf6 51. Bxf6 Kb4 52. Kf4 Kb3 53. Bf5 Rf2+ 54. Ke4 Re2+ 55. Kf3 Rd2 56. Be6+ Kb4 57. Rxa2 Rd3+ 58. Kg4 Bd4 59. Bxd4 Rxd4+ 60. Kg5 c5 61. h4 c4 62. h5 c3 63. h6 Rd1 64. h7 Rh1 65. Bf5 Kb3 66. Ra8 b5 67. h8=Q Rxh8 68. Rxh8 b4 69. Kf4 Kb2 70. Rh2+ Ka1 71. Be6 Kb1 72. Bb3 Ka1 73. Ke3 Kb1 74. Kd3 c2 75. Rxc2 Ka1 76. Kc4 Kb1 77. Kxb4 Ka1 78. Kc3 Kb1 79. Bc4 Ka1 80. Rc1# 1-0


[Site "https://www.chess.com"]

[Event "Titled Tuesday Blitz March 28 Late 2023"]
[White "Movahed, Sina"]
[Black "Erigaisi Arjun"]
[WhiteFideId "42520835"]
[BlackFideId "35009192"]
[WhiteElo "2225"]
[BlackElo "2737"]
[Result "0-1"]
[Round "06"]
[TimeControl "180+2"]
[Date "2023.03.28"]
[WhiteClock "0:00:11"]
[BlackClock "0:00:24"]

1. e4 d6 2. d4 g6 3. Nc3 Bg7 4. Be3 a6 5. h4 h6 6. Qd2 b5 7. O-O-O Nd7 8. f4 Nb6 9. e5 h5 10. Nf3 d5 11. Kb1 Nh6 12. Qe1 Ng4 13. Bc1 Bf5 14. Bd3 e6 15. Bxf5 gxf5 16. Ne2 a5 17. Qf1 b4 18. Ne1 Qd7 19. Nd3 Bf8 20. Nc5 Qc6 21. Qg1 a4 22. Bd2 Qb5 23. Nc1 Bxc5 24. dxc5 Nc4 25. Rh3 Kd7 26. b3 axb3 27. Rxb3 Ra4 28. Qd4 Rha8 29. Be1 Kc8 30. Rdd3 Qa5 31. c3 Rxa2 32. cxb4 Ra1+ 33. Kc2 Qa2+ 34. Kd1 Qxg2 35. b5 R8a2 0-1


[Site "https://www.chess.com"]

[Event "Titled Tuesday Blitz March 28 Late 2023"]
[White "Naroditsky, Daniel"]
[Black "Mammadov, Zaur"]
[WhiteFideId "2026961"]
[BlackFideId "13401033"]
[WhiteElo "2633"]
[BlackElo "2441"]
[Result "0-1"]
[Round "06"]
[TimeControl "180+2"]
[Date "2023.03.28"]
[WhiteClock "0:00:01"]
[BlackClock "0:00:20"]

1. d4 d5 2. Nc3 e6 3. Bf4 Bd6 4. e3 Bxf4 5. exf4 c5 6. dxc5 Nf6 7. Nf3 O-O 8. Bd3 a5 9. O-O Nbd7 10. Na4 Qc7 11. Qd2 Nxc5 12. Nxc5 Qxc5 13. Nd4 b6 14. c3 Ba6 15. Bxa6 Rxa6 16. Rfe1 b5 17. f5 Ne4 18. Qe3 e5 19. Nc2 Qxe3 20. Nxe3 Nf6 21. a4 b4 22. cxb4 axb4 23. Red1 Rd8 24. f3 h5 25. b3 d4 26. Nc4 e4 27. fxe4 Nxe4 28. Rac1 Nc3 29. Rd2 Rf6 30. Rf1 Rd5 31. Rdf2 d3 32. Nd2 Ne2+ 33. Kh1 Nd4 34. g3 Rc6 35. Kg2 Rc2 36. f6 gxf6 37. Re1 Re5 38. Rd1 Rf5 39. Rxf5 Nxf5 40. Kf3 Rc3 41. Ke4 Nd6+ 42. Kd5 Nb7 43. Kd4 Na5 44. Rb1 Kg7 45. Ne4 Rxb3 46. Rxb3 Nxb3+ 47. Kxd3 Na5 48. Nd6 b3 49. Kc3 Kg6 50. Ne4 Kf5 51. Nc5 Kg4 52. Nxb3 Nb7 53. Kb4 Kh3 54. Kb5 Kxh2 55. Nc5 Nd6+ 56. Kb4 Kxg3 57. a5 Nc8 58. Ne4+ Kg2 59. Nxf6 h4 60. Kc5 h3 61. Ng4 Kg3 62. Ne3 Kf2 63. Ng4+ Kg3 64. Ne3 Kf3 65. Nf1 f5 66. Kc6 f4 67. Kc7 Na7 68. Kb6 Nc8+ 69. Kc7 Ne7 70. a6 Nd5+ 71. Kd6 Nb6 72. Kc6 Na8 73. Kb7 Kg2 74. Nd2 h2 75. Kxa8 h1=Q 76. Kb7 Qh7+ 77. Kb6 Qg6+ 78. Kb5 Qd3+ 79. Nc4 Qd5+ 80. Kb4 Qc6 81. a7 Qb7+ 82. Nb6 Qxa7 0-1


[Site "https://www.chess.com"]

[Event "Titled Tuesday Blitz March 28 Late 2023"]
[White "Moussard, Jules"]
[Black "Lazavik, Denis"]
[WhiteFideId "642908"]
[BlackFideId "13515110"]
[WhiteElo "2610"]
[BlackElo "2560"]
[Result "0-1"]
[Round "06"]
[TimeControl "180+2"]
[Date "2023.03.28"]
[WhiteClock "0:00:06"]
[BlackClock "0:00:05"]

1. e4 c5 2. Nf3 e6 3. b3 a6 4. c4 Nc6 5. Bb2 Nf6 6. e5 Ng4 7. g3 Qc7 8. Qe2 Be7 9. Bg2 O-O 10. O-O f6 11. exf6 Bxf6 12. Bxf6 Nxf6 13. Nc3 d6 14. d3 e5 15. h3 Kh8 16. Kh2 Be6 17. Rae1 Rae8 18. Nd2 Nd4 19. Qd1 Bg8 20. Nde4 Nd7 21. Nd2 b5 22. Nd5 Qd8 23. Ne3 Nf6 24. Ne4 Nxe4 25. Bxe4 Re7 26. Nd5 Ref7 27. f4 exf4 28. Nxf4 Qg5 29. h4 Qh6 30. Qg4 Rf6 31. Rf2 b4 32. Ref1 a5 33. Qg5 Re8 34. Kg2 Re5 35. Qxh6 gxh6 36. Bd5 Nf5 37. Kh3 Ne3 38. Rg1 Bxd5 39. cxd5 Nxd5 40. Rgf1 Ref5 41. Rf3 Nxf4+ 42. gxf4 Kg7 43. R1f2 Kf7 44. Kg3 Rg6+ 45. Kh3 h5 46. Re2 Re6 47. Rg2 h6 48. Rgf2 Re1 49. Rd2 Rh1+ 50. Kg3 Rf6 51. f5 Rg1+ 52. Kh3 Ke7 53. d4 cxd4 54. Rxd4 Rf7 55. Re4+ Kd7 56. f6 Rg6 57. Ref4 Ke6 58. Re4+ Kd5 59. Ref4 Ke5 60. Rf5+ Ke6 61. Rxh5 Rgxf6 62. Re3+ Kd7 63. Rxa5 Kc6 64. Kg4 Rg7+ 65. Kh5 Rg2 66. Re4 Kb6 67. Ra4 d5 68. Rexb4+ Kc5 69. Rb8 Rgf2 70. Rc8+ Kb5 71. Rd4 R2f5+ 72. Kg4 h5+ 73. Kg3 Rf3+ 74. Kg2 Rf2+ 75. Kg3 R6f3# 0-1


[Site "https://www.chess.com"]

[Event "Titled Tuesday Blitz March 28 Late 2023"]
[White "Rustemov, Alexander"]
[Black "Kollars, Dmitrij"]
[WhiteFideId "4119002"]
[BlackFideId "12909572"]
[WhiteElo "2872"]
[BlackElo "2584"]
[Result "1/2-1/2"]
[Round "06"]
[TimeControl "180+2"]
[Date "2023.03.28"]
[WhiteClock "0:00:05"]
[BlackClock "0:00:08"]

1. d4 Nf6 2. c4 e6 3. Nf3 d5 4. Bg5 h6 5. Bxf6 Qxf6 6. e3 g6 7. Nc3 c6 8. Be2 Qe7 9. O-O Bg7 10. Qc2 O-O 11. Rac1 Nd7 12. Rfd1 dxc4 13. Bxc4 b5 14. Be2 Bb7 15. Ne4 e5 16. Nc5 Nxc5 17. Qxc5 Qxc5 18. Rxc5 exd4 19. Nxd4 Rfc8 20. Bf3 Rc7 21. Nxb5 Re7 22. Nd4 Rd8 23. g3 Red7 24. Bxc6 Rc7 25. Rdc1 Rdc8 26. b4 Bxd4 27. Bxb7 Rxc5 28. bxc5 Rxc5 29. Rd1 Be5 30. Bd5 Kg7 31. Bb3 Rc7 32. f4 Bc3 33. Kf2 Ba5 34. g4 Bb6 35. Rd3 g5 36. Kf3 Re7 37. h3 Kf6 38. e4 gxf4 39. Kxf4 Bc7+ 40. Kf3 Kg5 41. Rd5+ Be5 42. Ba4 Kh4 43. Bd7 f6 44. a4 Rg7 45. Rd1 Rg8 46. Bf5 Rb8 47. Rd7 Rb3+ 48. Ke2 a5 49. Rh7 Kg5 50. Rg7+ Kf4 51. Rg6 Rxh3 52. Rg8 Ra3 53. Rh8 Rxa4 54. Rxh6 Ra2+ 55. Kd3 a4 56. Kc4 Rb2 57. Rh3 Bd6 58. Rd3 Bb4 59. Rd1 a3 60. Ra1 Bd6 61. Be6 Kxe4 62. Re1+ Kf4 63. Kd3 Be5 64. Ra1 Bd6 65. Ra2 Rb1 66. Rf2+ Kg5 67. Rf5+ Kg6 68. Ra5 Rd1+ 69. Kc4 Rg1 70. Bf5+ Kf7 71. Kd5 Be7 72. Ra7 Rd1+ 73. Ke4 Re1+ 74. Kd5 Re5+ 75. Kd4 Kg7 76. Kc4 Kh6 77. Kd4 Kg5 78. Kc4 Kf4 79. Kb3 Ke3 80. Ra6 Kf4 81. Re6 Rb5+ 82. Kc4 Ra5 83. Re1 Bd6 84. Kb3 Be5 85. Re2 Bb2 86. Rf2+ Ke3 87. Rf1 Be5 88. Ka2 Kd4 89. Rb1 Kc4 90. Rb3 Kd4 91. Rxa3 Rc5 92. Ra4+ Rc4 93. Rxc4+ Kxc4 94. Ka3 Kd4 95. Ka4 Ke3 96. Kb5 Kf4 97. Kc6 1/2-1/2


[Site "https://www.chess.com"]

[Event "Titled Tuesday Blitz March 28 Late 2023"]
[White "Kovalev, Vladislav"]
[Black "Duda, Jan-Krzysztof"]
[WhiteFideId "13504398"]
[BlackFideId "1170546"]
[WhiteElo "2555"]
[BlackElo "2790"]
[Result "1-0"]
[Round "06"]
[TimeControl "180+2"]
[Date "2023.03.28"]
[WhiteClock "0:00:05"]
[BlackClock "0:00:02"]

1. e4 e5 2. Nf3 Nc6 3. Bb5 Nf6 4. O-O Nxe4 5. Re1 Nd6 6. Nxe5 Be7 7. Bf1 Nxe5 8. Rxe5 O-O 9. d4 Bf6 10. Re1 Re8 11. c3 Rxe1 12. Qxe1 Qe7 13. Qxe7 Bxe7 14. a4 Ne8 15. a5 d5 16. Bf4 Bd6 17. Bxd6 Nxd6 18. Nd2 Bd7 19. f3 Re8 20. Kf2 f6 21. Nb3 g5 22. Nc5 Bf5 23. b3 Kg7 24. c4 dxc4 25. bxc4 Bc8 26. Bd3 h5 27. Rb1 h4 28. Ne4 Rd8 29. d5 Nf7 30. Ke3 Ne5 31. Be2 Ng6 32. Kd4 c6 33. g3 hxg3 34. hxg3 Ne7 35. Nc5 Nf5+ 36. Kc3 cxd5 37. Nxb7 d4+ 38. Kd2 Re8 39. Bd3 Nxg3 40. Nd6 Rd8 41. Nxc8 Rxc8 42. Rb7+ Kf8 43. Rxa7 Rb8 44. a6 Rb2+ 45. Kc1 Rb3 46. Rb7 Rxd3 47. a7 Ra3 48. Rb8+ Ke7 49. a8=Q Rxa8 50. Rxa8 Kd6 51. Kd2 Nh5 52. Kd3 Ke5 53. Re8+ Kf4 54. c5 Kxf3 55. c6 g4 56. c7 Nf4+ 57. Kd2 g3 58. c8=Q g2 59. Rg8 1-0


[Site "https://www.chess.com"]

[Event "Titled Tuesday Blitz March 28 Late 2023"]
[White "Gholami Orimi, Mahdi"]
[Black "Costachi, Mihnea"]
[WhiteFideId "12558486"]
[BlackFideId "1217518"]
[WhiteElo "2363"]
[BlackElo "2456"]
[Result "0-1"]
[Round "06"]
[TimeControl "180+2"]
[Date "2023.03.28"]
[WhiteClock "0:00:03"]
[BlackClock "0:00:07"]

1. d4 Nf6 2. c4 g6 3. Nc3 Bg7 4. g3 O-O 5. Bg2 d6 6. Nf3 Nc6 7. O-O Bf5 8. b3 Ne4 9. Nd5 e6 10. Ne3 Nc3 11. Qd2 Ne4 12. Qb2 Nxd4 13. Nxd4 c5 14. Nec2 cxd4 15. Nxd4 Nc5 16. Rd1 Be4 17. f3 Bc6 18. e4 d5 19. Be3 dxe4 20. Nxc6 Bxb2 21. Nxd8 Rfxd8 22. Bxc5 Bxa1 23. Rxa1 exf3 24. Bxf3 Rd7 25. Be3 f6 26. Kf2 Kg7 27. b4 g5 28. c5 Rc8 29. Rc1 a6 30. a4 Kg6 31. b5 axb5 32. axb5 f5 33. Ke2 e5 34. c6 bxc6 35. Bxc6 Rdc7 36. Ra1 f4 37. Bb6 Rxc6 38. bxc6 Rxc6 39. Bf2 Rc2+ 40. Kf1 Kf5 41. h3 h5 42. Ra5 g4 43. h4 f3 44. Ke1 Rc1+ 45. Kd2 Rf1 46. Ke3 Rd1 47. Ra8 Rb1 48. Rh8 Rb3+ 49. Kd2 Rb2+ 50. Ke1 Rb1+ 51. Kd2 Rb2+ 52. Ke3 Re2+ 53. Kd3 Rxf2 54. Rxh5+ Ke6 55. Rg5 Ra2 56. Rg6+ Kf5 57. Rg8 e4+ 58. Kd4 Rd2+ 59. Ke3 Rd3+ 60. Kf2 e3+ 61. Kf1 Rd1# 0-1


[Site "https://www.chess.com"]

[Event "Titled Tuesday Blitz March 28 Late 2023"]
[White "Bernadskiy, Vitaliy"]
[Black "Maghsoodloo, Parham"]
[WhiteFideId "14100371"]
[BlackFideId "12539929"]
[WhiteElo "2488"]
[BlackElo "2647"]
[Result "0-1"]
[Round "06"]
[TimeControl "180+2"]
[Date "2023.03.28"]
[WhiteClock "0:00:13"]
[BlackClock "0:00:57"]

1. Nf3 d5 2. b3 c6 3. Bb2 Bf5 4. d3 Nd7 5. Nbd2 Ngf6 6. h3 h6 7. g4 Bh7 8. Bg2 Qc7 9. O-O e5 10. e4 dxe4 11. dxe4 b5 12. a4 Bc5 13. Qe2 Rb8 14. axb5 cxb5 15. c4 b4 16. Nh4 O-O 17. Nf5 Rfe8 18. Nf3 Nf8 19. Ra6 Rb6 20. Rfa1 Rxa6 21. Rxa6 N6d7 22. g5 hxg5 23. Nxg5 Bb6 24. Nxh7 Nxh7 25. Ra1 Nc5 26. Qg4 g6 27. Rd1 Nf6 28. Qh4 Re6 29. Nh6+ Kg7 30. Ng4 Nxg4 31. hxg4 Nxb3 32. g5 Qxc4 33. Qh6+ Kg8 34. Bf3 Qc2 35. Kg2 Qxf2+ 0-1


[Site "https://www.chess.com"]

[Event "Titled Tuesday Blitz March 28 Late 2023"]
[White "Sargsyan, Shant"]
[Black "Bartel, Mateusz"]
[WhiteFideId "13306766"]
[BlackFideId "1112635"]
[WhiteElo "2628"]
[BlackElo "2521"]
[Result "1-0"]
[Round "06"]
[TimeControl "180+2"]
[Date "2023.03.28"]
[WhiteClock "0:00:34"]
[BlackClock "0:00:06"]

1. Nf3 Nf6 2. c4 e6 3. Nc3 Bb4 4. Qc2 O-O 5. g4 d5 6. g5 Ne8 7. d4 c5 8. a3 Bxc3+ 9. Qxc3 cxd4 10. Qxd4 Nc6 11. Qf4 Na5 12. cxd5 Nb3 13. Rb1 Qa5+ 14. Bd2 Nxd2 15. Qxd2 Qxd2+ 16. Kxd2 exd5 17. Nd4 Nd6 18. Bg2 Nc4+ 19. Ke1 Be6 20. f4 Rad8 21. b3 Ne3 22. Kf2 Nxg2 23. Kxg2 Rc8 24. Rbc1 Rfd8 25. Kf3 Kf8 26. b4 Ke7 27. Rc5 Rxc5 28. bxc5 Rc8 29. Rb1 Rc7 30. f5 Bc8 31. Rc1 f6 32. h4 Bd7 33. Kf4 Kf7 34. Rc3 a6 35. h5 fxg5+ 36. Kxg5 h6+ 37. Kf4 Be8 38. Ne6 Re7 39. Rb3 Kf6 40. Rb6 Bc6 41. a4 a5 42. e3 Re8 43. Nd4 Re4+ 44. Kf3 Kg5 45. Rb1 Kf6 46. Rg1 Be8 47. Rb1 Bxh5+ 48. Kf2 Re7 49. Rb6+ Ke5 50. c6 bxc6 51. Nxc6+ Kd6 52. Nxe7+ Kxe7 53. Ra6 Bg4 54. f6+ gxf6 55. Rxa5 Kd6 56. Kg3 Be2 57. Kf4 h5 58. Ra7 Kc5 59. Rb7 Ba6 60. Rb8 d4 61. exd4+ Kxd4 62. a5 h4 63. Rb6 Be2 64. a6 1-0


[Site "https://www.chess.com"]

[Event "Titled Tuesday Blitz March 28 Late 2023"]
[White "Van Foreest, Lucas"]
[Black "Anton Guijarro, David"]
[WhiteFideId "1039792"]
[BlackFideId "2285525"]
[WhiteElo "2519"]
[BlackElo "2618"]
[Result "1/2-1/2"]
[Round "06"]
[TimeControl "180+2"]
[Date "2023.03.28"]
[WhiteClock "0:00:25"]
[BlackClock "0:00:06"]

1. e4 c6 2. Qg4 d5 3. Qh4 dxe4 4. Nc3 Nf6 5. d3 e5 6. Nxe4 Be7 7. Qg3 O-O 8. Nf3 Nbd7 9. Nxf6+ Nxf6 10. Be2 e4 11. dxe4 Nxe4 12. Qf4 Qa5+ 13. c3 Nxc3 14. Qd2 Bb4 15. O-O Nxe2+ 16. Qxe2 Bg4 17. h3 Bh5 18. g4 Bg6 19. a3 Rfe8 20. Qc4 Bd6 21. b4 Qc7 22. Bb2 Re4 23. Qc3 Bf8 24. Rfe1 Rae8 25. Rxe4 Rxe4 26. Rd1 Re8 27. Ne5 Be4 28. Rd7 Qc8 29. Rxf7 Bd5 30. Rf5 Qe6 31. Nf3 Qd7 32. Re5 Rxe5 33. Nxe5 Qe6 34. Qe3 Bd6 35. f4 b6 36. f5 Qe7 37. Bc3 h6 38. Qd4 Qh4 39. Qe3 Qg5 40. Qxg5 hxg5 41. Kf2 Be7 42. Nf3 Bf6 43. Bd2 Bxf3 44. Kxf3 b5 45. Ke4 Kf7 46. Be3 a6 47. Bd4 Ke7 48. Bc5+ Kd7 49. Be3 Kd6 50. Bc5+ Kd7 51. Be3 Kd6 52. Bc5+ Kd7 1/2-1/2


[Site "https://www.chess.com"]

[Event "Titled Tuesday Blitz March 28 Late 2023"]
[White "Pichot, Alan"]
[Black "Alekseenko, Kirill"]
[WhiteFideId "110973"]
[BlackFideId "4135539"]
[WhiteElo "2573"]
[BlackElo "2683"]
[Result "1/2-1/2"]
[Round "06"]
[TimeControl "180+2"]
[Date "2023.03.28"]
[WhiteClock "0:00:11"]
[BlackClock "0:00:08"]

1. e4 e5 2. Nf3 Nc6 3. Bb5 a6 4. Ba4 d6 5. c4 Bd7 6. Nc3 Nge7 7. O-O Ng6 8. d4 Be7 9. Be3 O-O 10. d5 Nb8 11. b4 f5 12. Bxd7 Qxd7 13. exf5 Qxf5 14. Nd2 Nd7 15. Nde4 Nh4 16. f3 Qg6 17. Qe2 Nf5 18. c5 Nd4 19. Qd1 dxc5 20. bxc5 Nxc5 21. Bxd4 exd4 22. Qxd4 b6 23. Qc4 Kh8 24. Kh1 Rad8 25. Rad1 Bd6 26. Nxc5 Bxc5 27. Ne4 Bd6 28. Nxd6 Qxd6 29. Qxa6 Rf5 30. Qc4 h6 31. Rfe1 c5 32. h3 Rxd5 33. Rxd5 Qxd5 34. Qb5 Rd6 35. a4 c4 36. Re8+ Kh7 37. Rc8 Qxb5 38. axb5 Rd5 39. Rxc4 Rxb5 40. Rc6 Rb2 41. Kh2 b5 42. Rb6 b4 43. h4 b3 44. Kg3 h5 45. Kh3 g6 46. Rb7+ Kg8 47. Kg3 Kf8 48. Kf4 Rxg2 49. Rxb3 Kg7 50. Rb7+ Kh6 51. Rb8 Rg1 52. Rb7 Rg2 53. Rb8 Kg7 54. Rb7+ Kf8 55. Ra7 Rg1 56. Rb7 Kg8 57. Ra7 Rg2 58. Rb7 Kf8 59. Ke5 Rg3 60. Kf6 Rxf3+ 61. Kxg6 Rg3+ 62. Kxh5 Kg8 63. Rb8+ Kh7 64. Rb5 Rg7 65. Rb6 Kh8 66. Rb8+ Kh7 67. Rb5 Kh8 68. Rg5 Kh7 69. Kg4 Kh6 70. Kf5 Kh7 71. Kf6 Ra7 72. Rh5+ Kg8 73. Re5 Ra6+ 74. Kg5 Rb6 75. h5 Ra6 76. Rd5 Rb6 77. Rd8+ Kg7 78. h6+ Kh7 79. Rd7+ Kg8 80. Rg7+ Kh8 81. Rc7 Rb5+ 82. Kg6 Rb6+ 83. Kg5 Rb5+ 84. Kg6 Rb6+ 85. Kg5 1/2-1/2


[Site "https://www.chess.com"]

[Event "Titled Tuesday Blitz March 28 Late 2023"]
[White "Mendonca, Leon Luke"]
[Black "Drygalov, Andrey"]
[WhiteFideId "35028561"]
[BlackFideId "24171735"]
[WhiteElo "2464"]
[BlackElo "2471"]
[Result "1-0"]
[Round "06"]
[TimeControl "180+2"]
[Date "2023.03.28"]
[WhiteClock "0:00:18"]
[BlackClock "0:00:05"]

1. e4 c5 2. Nf3 d6 3. Bb5+ Nd7 4. a4 Nf6 5. Nc3 a6 6. Be2 e6 7. a5 Be7 8. O-O O-O 9. d4 Qc7 10. d5 Ne5 11. Nxe5 dxe5 12. Bc4 Rd8 13. Qe2 exd5 14. Nxd5 Nxd5 15. Bxd5 Be6 16. c4 Bxd5 17. cxd5 Bd6 18. Be3 Rac8 19. Rfc1 Qd7 20. f3 f5 21. Ra3 Rc7 22. h3 Rdc8 23. Qd2 fxe4 24. fxe4 c4 25. Raa1 Qb5 26. Bb6 Bc5+ 27. Bxc5 Qxc5+ 28. Kh2 Qd4 29. Qe2 Rf8 30. Rf1 Rd8 31. Rf3 h6 32. Raf1 Qc5 33. Qd2 Qd4 34. Qe2 Qc5 35. Qe1 Qd6 36. Rf5 Re8 37. Qc3 Kh7 38. R1f3 Ree7 39. Rf8 Red7 40. Qe1 Qg6 41. Rb8 Rf7 42. Rg3 Qf6 43. Re8 Rce7 44. Rf3 Qd6 45. Rxf7 Rxf7 46. Qg3 Rf4 47. Re6 Qc7 48. d6 Qd7 49. Re7 1-0


[Site "https://www.chess.com"]

[Event "Titled Tuesday Blitz March 28 Late 2023"]
[White "Bortnyk, Mykola"]
[Black "Melkumyan, Hrant"]
[WhiteFideId "14120836"]
[BlackFideId "13302485"]
[WhiteElo "2582"]
[BlackElo "2604"]
[Result "1-0"]
[Round "06"]
[TimeControl "180+2"]
[Date "2023.03.28"]
[WhiteClock "0:00:23"]
[BlackClock "0:00:02"]

1. e4 c5 2. c3 e6 3. d4 d5 4. exd5 exd5 5. Nf3 Nf6 6. Be3 cxd4 7. Nxd4 Be7 8. Bd3 O-O 9. Nd2 Nbd7 10. O-O Nc5 11. Bb1 Ng4 12. Bf4 Bd6 13. Qc2 g6 14. Bxd6 Qxd6 15. N2f3 Ne4 16. h3 Ngf6 17. Qb3 b6 18. Rd1 Bd7 19. Bxe4 Nxe4 20. Nc2 Be6 21. Ne3 Rfd8 22. Rd4 Nc5 23. Qc2 Rac8 24. Rad1 Qc6 25. Ng5 a5 26. Qe2 a4 27. Nc2 Bf5 28. Nb4 Qf6 29. h4 h6 30. Nf3 Ne6 31. Nxd5 Rxd5 32. Rxd5 Nf4 33. Qe3 Nxd5 34. Rxd5 Qe6 35. Qd2 Be4 36. Re5 Qg4 37. Ne1 Bb1 38. Qxh6 Bxa2 39. h5 Bb1 40. Nf3 Rd8 41. hxg6 Bxg6 42. Kh2 Qc4 43. Rg5 Qc7+ 44. Rg3 Qd6 45. Nh4 1-0


[Site "https://www.chess.com"]

[Event "Titled Tuesday Blitz March 28 Late 2023"]
[White "Durarbayli, Vasif"]
[Black "Tazbir, Marcin"]
[WhiteFideId "13402935"]
[BlackFideId "1122452"]
[WhiteElo "2543"]
[BlackElo "2516"]
[Result "1-0"]
[Round "06"]
[TimeControl "180+2"]
[Date "2023.03.28"]
[WhiteClock "0:00:16"]
[BlackClock "0:01:21"]

1. e4 c5 2. Nf3 e6 3. Nc3 Nc6 4. Be2 a6 5. O-O Nd4 6. a4 b6 7. d3 g6 8. Nxd4 cxd4 9. Nb1 Bg7 10. Nd2 Ne7 11. f4 d6 12. Bf3 Rb8 13. b3 O-O 14. Ba3 b5 15. axb5 axb5 16. g4 f5 17. exf5 gxf5 18. g5 Ng6 19. Bh1 e5 20. Bd5+ Kh8 21. Qh5 b4 22. Bc1 Rb5 23. Bg2 Rc5 24. Ra2 Qc7 25. Nc4 exf4 26. Bxf4 Nxf4 27. Rxf4 d5 28. Rh4 h6 29. Nd2 Rxc2 30. Rxc2 Qxc2 31. Qg6 Qxd2 32. Rxh6+ Bxh6 33. Qxh6+ Kg8 34. Bxd5+ Rf7 35. Qg6+ Kh8 36. Qh5+ 1-0


[Site "https://www.chess.com"]

[Event "Titled Tuesday Blitz March 28 Late 2023"]
[White "Terry, Renato"]
[Black "Wagner, Dennis"]
[WhiteFideId "3803457"]
[BlackFideId "24650684"]
[WhiteElo "2579"]
[BlackElo "2470"]
[Result "1-0"]
[Round "06"]
[TimeControl "180+2"]
[Date "2023.03.28"]
[WhiteClock "0:00:03"]
[BlackClock "0:00:02"]

1. Nf3 c5 2. b3 d5 3. e3 Nc6 4. Bb5 Bd7 5. Bb2 e6 6. O-O Nf6 7. Bxc6 Bxc6 8. Ne5 Rc8 9. d3 Bd6 10. Nd2 Bxe5 11. Bxe5 O-O 12. f4 Nd7 13. Bb2 f6 14. Qg4 Qe7 15. Rae1 e5 16. f5 a5 17. a4 Qf7 18. Rf3 d4 19. e4 b5 20. axb5 Bxb5 21. Rh3 Rfe8 22. c4 Bc6 23. Ra1 Ra8 24. Bc1 a4 25. bxa4 Bxa4 26. Qe2 Bd1 27. Qxd1 Rxa1 28. Nb3 Ra6 29. Rg3 Kh8 30. h3 Rb8 31. Qc2 Rab6 32. Nd2 Qh5 33. Rg4 Qh6 34. Nf1 Qh5 35. Nd2 Ra8 36. Nb3 Qe8 37. Kh2 Qb8 38. Nd2 Ra1 39. Qd1 Rb2 40. Rg3 Qf8 41. Nb3 Rxb3 42. Qxb3 Rxc1 43. Qb7 Qd8 44. Rf3 Ra1 45. Rf2 Ra8 46. Qc6 Rc8 47. Qe6 Nf8 48. Qf7 Qe8 49. Qd5 Qd7 50. Rb2 Qxd5 51. exd5 g6 52. g4 gxf5 53. gxf5 Kg7 54. Rb7+ Kh6 55. h4 Rd8 56. Rf7 Nd7 57. Kg3 e4 58. dxe4 Rg8+ 59. Kf2 Ne5 60. Rxf6+ Kh5 61. Re6 Ng4+ 62. Ke2 Ra8 63. d6 Ra2+ 64. Kf3 Nh2+ 65. Kf4 Ng4 66. d7 Rf2+ 67. Kg3 Rf1 68. d8=Q Rg1+ 69. Kf3 Rf1+ 70. Ke2 Rf2+ 71. Ke1 d3 72. Qg5# 1-0


[Site "https://www.chess.com"]

[Event "Titled Tuesday Blitz March 28 Late 2023"]
[White "Deac, Bogdan-Daniel"]
[Black "Hambleton, Aman"]
[WhiteFideId "1226380"]
[BlackFideId "2606577"]
[WhiteElo "2649"]
[BlackElo "2511"]
[Result "1-0"]
[Round "06"]
[TimeControl "180+2"]
[Date "2023.03.28"]
[WhiteClock "0:01:35"]
[BlackClock "0:00:03"]

1. d4 Nf6 2. Bf4 e6 3. Nd2 d5 4. e3 Bd6 5. Bg3 c5 6. Ngf3 Nc6 7. c3 O-O 8. Bb5 Qe7 9. Bxc6 bxc6 10. Qa4 Bb7 11. Qa3 Nd7 12. Nb3 Bxg3 13. hxg3 h6 14. Nxc5 Nxc5 15. Qxc5 Qxc5 16. dxc5 a5 17. b3 f6 18. Rh4 e5 19. Ra4 Kf7 20. a3 Ke6 21. b4 Kd7 22. Nd2 Kc7 23. Nb3 axb4 24. axb4 Rxa4 25. Rxa4 h5 26. Kd2 Rh8 27. Ra7 Kb8 28. Ra1 h4 29. Rh1 g5 30. Na5 Ba8 31. c4 dxc4 32. gxh4 gxh4 33. Nxc4 Kc7 34. Nd6 Kd7 35. Rh3 Kc7 36. g3 Bb7 37. Rxh4 Rxh4 38. gxh4 Ba6 1-0


[Site "https://www.chess.com"]

[Event "Titled Tuesday Blitz March 28 Late 2023"]
[White "Korchmar, Vasiliy"]
[Black "Svane, Frederik"]
[WhiteFideId "24131750"]
[BlackFideId "12923044"]
[WhiteElo "2370"]
[BlackElo "2502"]
[Result "1-0"]
[Round "06"]
[TimeControl "180+2"]
[Date "2023.03.28"]
[WhiteClock "0:00:09"]
[BlackClock "0:01:05"]

1. e4 e6 2. d4 d5 3. e5 c5 4. c3 Nc6 5. Nf3 Nge7 6. Na3 Qa5 7. Bd2 Qb6 8. dxc5 Qd8 9. Nb5 Ng6 10. Bg5 f6 11. exf6 gxf6 12. Be3 e5 13. Qxd5 Qxd5 14. Nc7+ Kf7 15. Nxd5 Be6 16. Nc7 Rd8 17. Nxe6 Kxe6 18. Bc4+ Ke7 19. h4 h5 20. b4 Bh6 21. Bxh6 Rxh6 22. O-O e4 23. Rfe1 f5 24. Ng5 Nce5 25. Bb3 Nxh4 26. Nxe4 Nhf3+ 27. gxf3 Nxf3+ 28. Kf1 Nxe1 29. Nd6 Nf3 30. Nxf5+ Kf6 31. Nxh6 Rh8 32. Nf7 Nd2+ 33. Kg2 Rg8+ 34. Kh3 Rg4 35. Re1 Nf3 36. Re6+ Kg7 37. Re3 Nd2 38. Nd6 Kf6 39. Nxb7 Kg5 40. Re5+ Kh6 41. c6 Nf3 42. Re3 Ng5+ 43. Kh2 Rh4+ 44. Kg2 Rg4+ 45. Kf1 Rf4 46. c7 Rf8 47. Re7 h4 48. Nd6 h3 49. c8=Q Rxc8 50. Nxc8 Nf3 51. Re8 Nh4 52. Rh8+ Kg5 53. Rxh4 Kxh4 54. Kg1 Kg4 55. Kh2 Kf3 56. b5 Ke4 57. a4 Ke5 58. Kxh3 Ke4 59. Kg4 Kd3 60. f4 Kxc3 61. f5 Kxb3 62. Nxa7 Kxa4 63. b6 Ka5 64. b7 Ka6 65. b8=Q Ka5 66. Qb5# 1-0


[Site "https://www.chess.com"]